 Dungeon Crawl Stone Soup version 0.23-a0-625-g1d2cd9b (webtiles) character file.

126 zishaf the Chiller (level 5, -1/37 HPs)
             Began as a Barachi Ice Elementalist on Dec 24, 2018.
             Slain by an orc
             ... wielding a +0 short sword
              (7 damage)
             ... on level 3 of the Dungeon.
             The game lasted 00:04:20 (2110 turns).

zishaf the Chiller (Barachi Ice Elementalist)       Turns: 2110, Time: 00:04:21

Health: -1/37      AC:  6    Str:  9    XL:     5   Next: 9%
Magic:  4/9        EV: 11    Int: 16    God:
Gold:   143        SH:  0    Dex: 13    Spells: 2/9 levels left

rFire    . . .     SeeInvis .   k - +0 dagger (venom)
rCold    . . .     Gourm    .   (no shield)
rNeg     . . .     Faith    .   q - +0 ring mail (curse)
rPois    .         Spirit   .   f - +0 helmet
rElec    .         Reflect  .   d - -1 cloak (curse)
rCorr    .         Harm     .   (no gloves)
MR       +....                  (no boots)
Stlth    +.........             (no amulet)
HPRegen  0.12/turn              s - ring of protection from magic
MPRegen  0.11/turn              (no ring)

@: slow
A: +LOS, swims, slowness 1, strong legs 1
a: Hop


You were on level 3 of the Dungeon.
You were not hungry.

You visited 1 branch of the dungeon, and saw 3 of its levels.

You collected 143 gold pieces.

Inventory:

Hand Weapons
 k - a +0 dagger of venom (weapon)
Armour
 b - a +0 leather armour
 d - a cursed -1 cloak (worn)
 f - a +0 helmet (worn)
 q - a cursed +0 ring mail (worn)
Jewellery
 s - a ring of protection from magic (left hand)
Scrolls
 a - a scroll of teleportation {unknown}
 h - 2 scrolls of amnesia {unknown}
 i - a scroll of fog {unknown}
 j - 2 scrolls of identify {unknown}
 n - 2 scrolls of remove curse {unknown}
 p - a scroll of enchant armour {unknown}
 r - a scroll of magic mapping {unknown}
 t - 2 scrolls of random uselessness {unknown}
Potions
 e - a potion of brilliance {unknown}
 g - a potion of might
 l - a potion of curing {unknown}
 o - a potion of mutation {unknown}
Comestibles
 c - 6 rations
 m - 2 chunks of flesh


   Skills:
 + Level 1.5 Fighting
 + Level 1.7 Armour
 + Level 2.9 Dodging
 - Level 2.0 Stealth
 + Level 2.9 Spellcasting
 + Level 1.5 Conjurations
 + Level 0.3 Summonings
 * Level 4.8 Ice Magic


You had 2 spell levels left.
You knew the following spells:

 Your Spells              Type           Power        Failure   Level  Hunger
a - Freeze                Ice            ###.         7%          1    #......
b - Summon Ice Beast      Ice/Summ       ##......     87%         4    #####..
z - Throw Frost           Conj/Ice       ##....       21%         2    ##.....

Your spell library contained the following spells:

 Spells                   Type           Power        Failure   Level  Hunger
 Ozocubu's Armour         Chrm/Ice       ##......     50%         3    ###....
 Throw Icicle             Conj/Ice       ##......     80%         4    #####..


Dungeon Overview and Level Annotations

Branches:
Dungeon (3/15)

Altars:


Innate Abilities, Weirdness & Mutations

Shadows flee at your approach. (+LOS)
You can swim through water.
You cover ground slowly.
You can hop short distances.


Message History

You freeze the orc priest.
The orc priest is severely wounded.
The orc priest barely misses you.
Casting: Freeze (safe; 8% risk of failure)
Confirm with . or Enter, or press ? or * to list all spells.
Aiming: Freeze (safe; 8% risk of failure)
Press: ? - help, Shift-Dir - straight line, f/p - orc priest
Aim: an orc priest, wielding a +0 short sword and wearing a +0 scale mail You freeze the orc priest.
You kill the orc priest!
You have reached level 5!
Casting: Freeze (safe; 7% risk of failure)
Confirm with . or Enter, or press ? or * to list all spells.
Aiming: Freeze (safe; 7% risk of failure)
Press: ? - help, Shift-Dir - straight line, f - orc
Aim: an orc, wielding a +0 short sword and wearing a +0 chain mail (unusually You freeze the orc.
The orc is severely wounded.
The orc hits you with a +0 short sword!
You die...

...........#
#.#####...#
#.### #.#
#.# ######.#
#......#
#.####.# #@#
#o# ..)
.....
#.....#
....#.#
##.....#
###.### #+#


You could see an orc.

Vanquished Creatures
  A hound (D:2)
  An orc priest (D:3)
  An adder (D:2)
  A worm (D:2)
  A dart slug (D:3)
  A leopard gecko (D:3)
  4 orcs (D:3)
  2 ball pythons
  4 giant cockroaches
  7 goblins
  4 hobgoblins
  2 jackals (D:3)
  7 kobolds
  2 bats
  A frilled lizard (D:2)
  6 rats
45 creatures vanquished.

Notes
Turn   | Place    | Note
-------+----------+-------------------------------------------
     0 | D:1      | zishaf the Barachi Ice Elementalist began the quest for the
                  | Orb.
     0 | D:1      | Reached XP level 1. HP: 13/13 MP: 3/3
   248 | D:1      | Reached XP level 2. HP: 15/19 MP: 0/5
   599 | D:1      | Reached skill level 4 in Ice Magic
  1075 | D:2      | Reached skill level 1 in Fighting
  1075 | D:2      | Reached skill level 1 in Armour
  1075 | D:2      | Reached XP level 3. HP: 12/26 MP: 0/7
  1279 | D:2      | Learned a level 2 spell: Throw Frost
  1337 | D:2      | Reached XP level 4. HP: 22/32 MP: 2/8
  1913 | D:3      | Learned a level 4 spell: Summon Ice Beast
  2109 | D:3      | Reached XP level 5. HP: 6/37 MP: 5/9
  2110 | D:3      | Slain by an orc

Vault maps used:
D:1:      onia_arrival_larder

Skill      XL: |  1  2 |
---------------+-------+-----
Stealth        | 2 |  2.0
Ice Magic      | 4 |  4.8
Fighting       | 1 |  1.5
Armour         | 1 |  1.7
Dodging        | |  2.9
Spellcasting   | |  2.9
Conjurations   | |  1.5
Summonings     | |  0.3

Action                   |  1- 3 |  4- 6 || total
-------------------------+-------+-------++-------
Melee: Unarmed           |     3 |       ||     3
       Dagger            |    11 |    52 ||    63
 Cast: Freeze            |    31 |     8 ||    39
       Throw Frost       |     1 |     1 ||     2
 Abil: Hop               |     1 |       ||     1
 Stab: Sleeping          |     2 |       ||     2
  Eat: Chunk             |     2 |     3 ||     5
Armor: Robe              |     1 |       ||     1
       Leather armour    |     8 |       ||     8
       Ring mail         |       |    17 ||    17
Dodge: Dodged            |    17 |    34 ||    51

Table legend:
 A = Non-vault XP
 B = Vault XP
 C = Vault XP percentage of total XP
 D = Non-vault monster count
 E = Vault monster count
 F = Vault count percentage of total count
                 A         B        C        D         E       F
            +---------+---------+-------+---------+---------+-------
      Total |     174 |       6 |   3.3 |      41 |       4 |   8.9
            +---------+---------+-------+---------+---------+-------
        D:1 |      24 |       6 |  20.0 |      13 |       4 |  23.5
        D:2 |      80 |       0 |   0.0 |      15 |       0 |   0.0
        D:3 |      70 |       0 |   0.0 |      13 |       0 |   0.0
            +---------+---------+-------+---------+---------+-------
